[Event "Klatovy Open-B 2024"]
[Site "Klatovy"]
[Date "2024.07.04"]
[Round "6.1"]
[White "Slansky, Jachym"]
[Black "Kaderabek, Jiri"]
[Result "0-1"]
[ECO "B06"]
[WhiteElo "1665"]
[BlackElo "1984"]
[Annotator "RC"]
[PlyCount "72"]
[EventDate "2024.06.21"]
[EventType "swiss"]
[EventCountry "CZE"]
[SourceTitle "playchess.com"]
[Source "ChessBase"]
[SourceQuality "1"]
[TimeControl "40/7200:0"]

1. e4 g6 2. d4 Bg7 3. Nc3 c5 4. Be3 Qa5 5. Be2 Nf6 6. Qd2 cxd4 7. Qxd4 O-O 8. Qc5 Qxc5 9. Bxc5 d6 10. Be3 Nc6 11. h3 Be6 12. f4 Rfc8 13. g4 Nb4 14. Bd3 Nxg4 15. hxg4 Nxd3+ 16. cxd3 Rxc3 17. Kd2 Rc7 18. Ne2 Bxg4 19. f5 Bxe2 20. Kxe2 d5 21. Rh3 dxe4 22. dxe4 Rc6 23. Bg5 Rac8 24. Bxe7 Re8 25. Ba3 Bxb2 26. Rb1 Bxa3 27. Rxa3 Rxe4+ 28. Kf3 Re7 29. Rxa7 Rf6 30. a4 Rxf5+ 31. Kg3 Kg7 32. a5 h5 33. Rb3 Ree5 34. Ra3 Rb5 35. Kh3 Rf6 36. a6 Rxa6 0-1

[Event "Klatovy Open-B 2024"]
[Site "Klatovy"]
[Date "2024.07.04"]
[Round "6.2"]
[White "Masek, Jan"]
[Black "Vojta, Radek"]
[Result "1-0"]
[ECO "B12"]
[WhiteElo "1839"]
[BlackElo "1693"]
[Annotator "NA RC"]
[PlyCount "81"]
[EventDate "2024.06.21"]
[EventType "swiss"]
[EventCountry "CZE"]
[SourceTitle "playchess.com"]
[Source "ChessBase"]
[SourceQuality "1"]
[TimeControl "40/7200:0"]

1. e4 c6 2. d4 d5 3. e5 c5 4. dxc5 e6 5. a3 Nc6 6. Nf3 Bxc5 7. Bd3 Nge7 8. O-O Ng6 9. Re1 Bd7 10. b4 Bb6 11. g3 Nd4 12. Nbd2 O-O 13. Bb2 Nxf3+ 14. Qxf3 f6 15. Qh5 fxe5 16. Bxg6 hxg6 17. Qxe5 Qe7 18. Bd4 Bxd4 19. Qxd4 Qf6 20. Re5 a5 21. Rae1 axb4 22. axb4 Ra2 23. c4 dxc4 24. Ne4 Qf7 25. f4 b5 26. Qd6 Re8 27. Nc5 Bc8 28. Rd1 Rb2 29. Ne4 Qa7+ 30. Qd4 Qxd4+ 31. Rxd4 Rxb4 32. Nd6 Bd7 33. Nxe8 Bxe8 34. Rxe6 Kf7 35. Rde4 Rb1+ 36. Kf2 c3 37. Rxe8 c2 38. R4e7+ Kf6 39. Re6+ Kf5 40. Re5+ Kf6 41. Rf8# 1-0

[Event "Klatovy Open-B 2024"]
[Site "Klatovy"]
[Date "2024.07.04"]
[Round "6.4"]
[White "Beran, Jakub"]
[Black "Kusova, Nikola"]
[Result "1-0"]
[ECO "D32"]
[WhiteElo "1791"]
[BlackElo "1696"]
[Annotator "NA RC"]
[PlyCount "63"]
[EventDate "2024.06.21"]
[EventType "swiss"]
[EventCountry "CZE"]
[SourceTitle "playchess.com"]
[Source "ChessBase"]
[SourceQuality "1"]
[TimeControl "40/7200:0"]

1. c4 e6 2. Nc3 d5 3. d4 c5 4. cxd5 exd5 5. Nf3 Nc6 6. Bg5 Be7 7. Bxe7 Ngxe7 8. e3 cxd4 9. Nxd4 Ne5 10. Bb5+ Bd7 11. O-O O-O 12. Qb3 Bxb5 13. Qxb5 Qd6 14. Rad1 a6 15. Qe2 Rfd8 16. Nf3 Nxf3+ 17. Qxf3 Qe6 18. Rd4 Rac8 19. Rfd1 b5 20. h3 Rc4 21. Nxd5 Rxd4 22. Nxe7+ Qxe7 23. Rxd4 Rc8 24. Qd5 Kf8 25. b3 Rc1+ 26. Kh2 Qc7+ 27. g3 g6 28. Qa8+ Kg7 29. Qxa6 Qc2 30. Rf4 Qc3 31. Qb7 Qc7 32. Qxb5 1-0

[Event "Klatovy Open-B 2024"]
[Site "Klatovy"]
[Date "2024.07.04"]
[Round "6.5"]
[White "Rudlof, Jan"]
[Black "Bukvaj, Jan"]
[Result "1/2-1/2"]
[ECO "E67"]
[WhiteElo "1799"]
[BlackElo "1652"]
[Annotator "NA RC"]
[PlyCount "37"]
[EventDate "2024.06.21"]
[EventType "swiss"]
[EventCountry "CZE"]
[SourceTitle "playchess.com"]
[Source "ChessBase"]
[SourceQuality "1"]
[TimeControl "40/7200:0"]

1. d4 Nf6 2. c4 g6 3. g3 Bg7 4. Bg2 d6 5. Nc3 O-O 6. Nf3 Nbd7 7. O-O Re8 8. e4 e5 9. dxe5 dxe5 10. Qc2 c6 11. b3 Qc7 12. Ba3 Bf8 13. Bxf8 Kxf8 14. Qd2 Kg7 15. Rfd1 Nc5 16. Qe3 Ne6 17. h3 b6 18. Rd2 Bb7 19. Rad1 1/2-1/2

[Event "Klatovy Open-B 2024"]
[Site "Klatovy"]
[Date "2024.07.04"]
[Round "6.6"]
[White "Mascak, Milan"]
[Black "Koper, Stefan"]
[Result "0-1"]
[ECO "A06"]
[WhiteElo "1662"]
[BlackElo "1845"]
[Annotator "NA RC"]
[PlyCount "100"]
[EventDate "2024.06.21"]
[EventType "swiss"]
[EventCountry "CZE"]
[SourceTitle "playchess.com"]
[Source "ChessBase"]
[SourceQuality "1"]
[TimeControl "40/7200:0"]

1. Nf3 d5 2. b3 c5 3. Bb2 Nc6 4. e3 Bg4 5. h3 Bxf3 6. Qxf3 Nf6 7. Bb5 e6 8. O-O Be7 9. c4 O-O 10. cxd5 exd5 11. Na3 Ne4 12. Rfd1 Bf6 13. d4 cxd4 14. exd4 Nb4 15. Be2 a6 16. Nc4 Ng5 17. Qc3 Nc6 18. Ne3 Ne6 19. Nc2 Rc8 20. Qe3 Re8 21. Qf3 Qb6 22. Qg4 g6 23. h4 h5 24. Qg3 Qd8 25. Bxh5 Bxh4 26. Qg4 Ng7 27. Bxg6 fxg6 28. Qxg6 Re2 29. f4 Qe8 30. Qd3 Qh5 31. Rf1 Qg4 32. Ne3 Qh5 33. g4 Rxe3 34. Qxe3 Qxg4+ 35. Kh1 Bg3 36. Rf3 Qh3+ 37. Kg1 Qh2+ 38. Kf1 Qxb2 39. Rd1 Re8 40. Qd3 Bh4 41. Rd2 Qa1+ 42. Kg2 Re4 43. Rf1 Re1 44. Rf3 Rg1+ 45. Kh3 Rh1+ 46. Kg4 Rf1 47. Kh3 Re1 48. Kg2 Rg1+ 49. Kh3 Rh1+ 50. Kg4 Qg1+ 0-1

[Event "Klatovy Open-B 2024"]
[Site "Klatovy"]
[Date "2024.07.04"]
[Round "6.7"]
[White "Spackova, Martina"]
[Black "Stastny, Matej"]
[Result "0-1"]
[ECO "B15"]
[WhiteElo "1777"]
[BlackElo "1674"]
[Annotator "NA RC"]
[PlyCount "94"]
[EventDate "2024.06.21"]
[EventType "swiss"]
[EventCountry "CZE"]
[SourceTitle "playchess.com"]
[Source "ChessBase"]
[SourceQuality "1"]
[TimeControl "40/7200:0"]

1. e4 c6 2. d4 d5 3. Nc3 dxe4 4. Nxe4 Nf6 5. Nxf6+ exf6 6. c4 Bf5 7. Nf3 Nd7 8. Nh4 Bg6 9. Be2 Qc7 10. Bg4 f5 11. Bxf5 Bxf5 12. Nxf5 Qa5+ 13. Bd2 Qxf5 14. O-O Be7 15. Re1 Nf8 16. Re5 Qd7 17. Bb4 Ng6 18. Re3 O-O 19. Bxe7 Nxe7 20. Qh5 Ng6 21. Rh3 h6 22. Qd1 Rad8 23. Rd3 Ne5 24. Ra3 Qxd4 25. Qxd4 Rxd4 26. Rxa7 b6 27. b3 Rfd8 28. Kf1 b5 29. cxb5 cxb5 30. a4 bxa4 31. bxa4 Rd1+ 32. Rxd1 Rxd1+ 33. Ke2 Ra1 34. a5 Ra3 35. a6 Kf8 36. Ra8+ Ke7 37. a7 Nc6 38. Rg8 Rxa7 39. Rxg7 Kf6 40. Rg8 Ra1 41. h4 Nd4+ 42. Kd3 Nf5 43. h5 Ra2 44. f3 Nh4 45. g4 Ra3+ 46. Ke4 Nxf3 47. Kf4 Ng5 0-1

[Event "Klatovy Open-B 2024"]
[Site "Klatovy"]
[Date "2024.07.04"]
[Round "6.8"]
[White "Svejdar, Pavel"]
[Black "Vratny, Vojtech"]
[Result "1/2-1/2"]
[ECO "B13"]
[WhiteElo "1721"]
[BlackElo "1564"]
[Annotator "NA RC"]
[PlyCount "78"]
[EventDate "2024.06.21"]
[EventType "swiss"]
[EventCountry "CZE"]
[SourceTitle "playchess.com"]
[Source "ChessBase"]
[SourceQuality "1"]
[TimeControl "40/7200:0"]

1. e4 c6 2. Nf3 d5 3. exd5 cxd5 4. d4 Nf6 5. Nc3 Bg4 6. Be2 e6 7. Ne5 Bxe2 8. Qxe2 Bd6 9. Qb5+ Nbd7 10. Bg5 a6 11. Qe2 h6 12. Bh4 Qc7 13. Nxd7 Nxd7 14. Nxd5 Qc6 15. Ne3 O-O 16. O-O b5 17. a3 Rac8 18. Rfd1 Nb6 19. c3 Nd5 20. Qf3 Qc7 21. Bg3 Bxg3 22. hxg3 Nxe3 23. Qxe3 Qc4 24. Re1 a5 25. Qd2 Rfd8 26. Re5 f6 27. Re4 Rc6 28. Rae1 Rcd6 29. Qe2 Qxe2 30. R1xe2 Kf7 31. f4 g5 32. Kf2 Re8 33. Kf3 Kg6 34. Re1 g4+ 35. Kf2 Kf5 36. Ke3 Rh8 37. b3 Rc8 38. Kd2 Rdc6 39. R4e3 h5 1/2-1/2

[Event "Klatovy Open-B 2024"]
[Site "Klatovy"]
[Date "2024.07.04"]
[Round "6.9"]
[White "Brychta, David"]
[Black "Mojzisova, Barbora"]
[Result "1/2-1/2"]
[ECO "A22"]
[WhiteElo "2124"]
[BlackElo "1535"]
[Annotator "NA RC"]
[PlyCount "76"]
[EventDate "2024.06.21"]
[EventType "swiss"]
[EventCountry "CZE"]
[SourceTitle "playchess.com"]
[Source "ChessBase"]
[SourceQuality "1"]
[TimeControl "40/7200:0"]

1. c4 e5 2. g3 Nf6 3. Bg2 d5 4. cxd5 Nxd5 5. Nc3 Be6 6. d3 Nc6 7. Bd2 Bc5 8. Nf3 f6 9. O-O Qd7 10. a3 Nxc3 11. Bxc3 Bh3 12. Qc2 Bxg2 13. Kxg2 Bb6 14. Rfd1 O-O 15. b4 Kh8 16. Qb2 Nd4 17. Bxd4 Bxd4 18. Nxd4 Qxd4 19. Qxd4 exd4 20. Rac1 Rac8 21. Rc4 Rfd8 22. Rdc1 Rd7 23. a4 Kg8 24. Kf3 Kf7 25. Ke4 Re8+ 26. Kf3 Ree7 27. R1c2 h6 28. b5 b6 29. Rc6 h5 30. h4 Ke8 31. Kg2 Kd8 32. Kf1 Re5 33. R2c4 Kc8 34. Rc2 Rde7 35. R6c4 Rd7 36. Rc6 Rde7 37. R6c4 Rd7 38. Rc6 Rde7 1/2-1/2

[Event "Klatovy Open-B 2024"]
[Site "Klatovy"]
[Date "2024.07.04"]
[Round "6.10"]
[White "Kasik, Denis"]
[Black "Koupil, Stepan"]
[Result "1/2-1/2"]
[ECO "C50"]
[WhiteElo "1596"]
[BlackElo "1685"]
[Annotator "NA RC"]
[PlyCount "62"]
[EventDate "2024.06.21"]
[EventType "swiss"]
[EventCountry "CZE"]
[SourceTitle "playchess.com"]
[Source "ChessBase"]
[SourceQuality "1"]
[TimeControl "40/7200:0"]

1. e4 e5 2. Nf3 Nf6 3. Nc3 Nc6 4. Bc4 Bc5 5. d3 d6 6. h3 Be6 7. Bxe6 fxe6 8. O-O Qd7 9. Na4 Bb6 10. Nxb6 axb6 11. Re1 h6 12. c3 O-O 13. d4 exd4 14. cxd4 d5 15. exd5 Nxd5 16. Ne5 Nxe5 17. Rxe5 Rf6 18. Re2 Raf8 19. Bd2 Nf4 20. Bxf4 Rxf4 21. Qb3 R8f6 22. Rae1 Qxd4 23. Rd1 Qc4 24. Qxc4 Rxc4 25. Kf1 Kf7 26. Rd7+ Kg6 27. Re7 Rc1+ 28. Re1 Rc6 29. Re3 h5 30. Rg3+ Kh6 31. Rc3 Rxc3 1/2-1/2

[Event "Klatovy Open-B 2024"]
[Site "Klatovy"]
[Date "2024.07.04"]
[Round "6.11"]
[White "Martinek, Lukas"]
[Black "Janouskova, Eliska"]
[Result "1/2-1/2"]
[ECO "B80"]
[WhiteElo "1698"]
[BlackElo "1670"]
[Annotator "NA RC"]
[PlyCount "52"]
[EventDate "2024.06.21"]
[EventType "swiss"]
[EventCountry "CZE"]
[SourceTitle "playchess.com"]
[Source "ChessBase"]
[SourceQuality "1"]
[TimeControl "40/7200:0"]

1. e4 c5 2. Nf3 e6 3. d4 cxd4 4. Nxd4 Nf6 5. Nc3 d6 6. Be3 a6 7. f3 Be7 8. Qd2 Qc7 9. g4 b5 10. a3 h6 11. h4 Bb7 12. Qg2 g6 13. Qd2 h5 14. g5 Nfd7 15. f4 Nc5 16. Bg2 Nc6 17. f5 Nxd4 18. Bxd4 Rg8 19. fxg6 fxg6 20. Bf6 O-O-O 21. O-O-O Rgf8 22. Bxe7 Qxe7 23. b4 Na4 24. Nxa4 bxa4 25. Rhf1 Qg7 26. Qd4 Qxd4 1/2-1/2

[Event "Klatovy Open-B 2024"]
[Site "Klatovy"]
[Date "2024.07.04"]
[Round "6.12"]
[White "Sova, Zdenek"]
[Black "Vasko, Pavel"]
[Result "0-1"]
[ECO "D07"]
[WhiteElo "1822"]
[BlackElo "1655"]
[Annotator "NA RC"]
[PlyCount "116"]
[EventDate "2024.06.21"]
[EventType "swiss"]
[EventCountry "CZE"]
[SourceTitle "playchess.com"]
[Source "ChessBase"]
[SourceQuality "1"]
[TimeControl "40/7200:0"]

1. Nf3 d5 2. d4 Nc6 3. c4 e6 4. e3 Nf6 5. Nc3 Be7 6. a3 b6 7. cxd5 exd5 8. Bd3 O-O 9. O-O a6 10. b4 Na7 11. Bb2 h6 12. Qe2 Nc6 13. Rac1 Bb7 14. Bb1 Bd6 15. Qd3 Ne7 16. Ne5 Qe8 17. Ng4 Ng6 18. Nxf6+ gxf6 19. Qf5 Qe6 20. Qh5 Kg7 21. Bf5 Qe8 22. Qg4 Rh8 23. g3 Rd8 24. Rfe1 Qg8 25. Qf3 Ne7 26. Bh3 Qh7 27. Bg2 Qf5 28. Qd1 h5 29. h4 Qg6 30. e4 c6 31. Na4 b5 32. Nc5 Bc8 33. Re3 Kf8 34. Qe1 Rg8 35. Nb3 Bf4 36. exd5 Bxe3 37. Qxe3 Nxd5 38. Bxd5 cxd5 39. Re1 Be6 40. Nc5 Rd6 41. Qf4 Ke7 42. Nb7 Rc6 43. Na5 Rc2 44. Bc1 Qg4 45. Nb7 Qxf4 46. Bxf4 Rc3 47. Re3 Rc1+ 48. Kg2 Rd1 49. Bd6+ Kd7 50. Bc5 Rg4 51. Rc3 Bf5 52. Nd6 Bd3 53. Nxf7 Re4 54. Nd6 Ree1 55. Rb3 f5 56. Rc3 Be4+ 57. Nxe4 fxe4 58. Bb6 Rg1+ 0-1

[Event "Klatovy Open-B 2024"]
[Site "Klatovy"]
[Date "2024.07.04"]
[Round "6.13"]
[White "Vrzal, Vaclav"]
[Black "Lickova, Anna"]
[Result "1-0"]
[ECO "C29"]
[WhiteElo "1682"]
[BlackElo "1725"]
[Annotator "NA RC"]
[PlyCount "117"]
[EventDate "2024.06.21"]
[EventType "swiss"]
[EventCountry "CZE"]
[SourceTitle "playchess.com"]
[Source "ChessBase"]
[SourceQuality "1"]
[TimeControl "40/7200:0"]

1. e4 e5 2. Nc3 Nf6 3. f4 d5 4. fxe5 Nxe4 5. Qf3 Nxc3 6. bxc3 Be6 7. d4 c5 8. Bd3 cxd4 9. cxd4 Qa5+ 10. Bd2 Bb4 11. Qf4 Nc6 12. Nf3 O-O 13. O-O Bxd2 14. Nxd2 Nxd4 15. Qxd4 Rfc8 16. Nf3 h6 17. Rab1 Rc7 18. Rb5 Qa3 19. Qb4 Qxb4 20. Rxb4 b6 21. Nd4 Bd7 22. Nb5 Bxb5 23. Rxb5 Rd7 24. Rd1 Re8 25. Bf5 Rc7 26. Rbxd5 g6 27. Bd3 Rce7 28. Bb5 Rc8 29. Rd8+ Rxd8 30. Rxd8+ Kg7 31. Rd7 Rxe5 32. Bc4 Rf5 33. Rxa7 b5 34. Bb3 g5 35. c4 bxc4 36. Bxc4 Rf4 37. Rxf7+ Rxf7 38. Bxf7 Kxf7 39. Kf2 Ke6 40. Kf3 Kd5 41. Kg4 Kc4 42. Kh5 Kb4 43. g4 Ka3 44. Kxh6 Kxa2 45. Kxg5 Kb3 46. Kf6 Kc4 47. g5 Kd4 48. g6 Ke4 49. g7 Kf4 50. g8=Q Ke4 51. Qg5 Kf3 52. Kf5 Kf2 53. Qg3+ Ke2 54. Kf4 Kf1 55. h4 Ke2 56. Ke4 Kf1 57. Qh2 Ke1 58. Ke3 Kd1 59. Qd2# 1-0

[Event "Klatovy Open-B 2024"]
[Site "Klatovy"]
[Date "2024.07.04"]
[Round "6.14"]
[White "Trejbal, Jindrich"]
[Black "Vavrousek, Petr"]
[Result "1-0"]
[ECO "C01"]
[WhiteElo "1953"]
[BlackElo "1710"]
[Annotator "NA RC"]
[PlyCount "58"]
[EventDate "2024.06.21"]
[EventType "swiss"]
[EventCountry "CZE"]
[SourceTitle "playchess.com"]
[Source "ChessBase"]
[SourceQuality "1"]
[TimeControl "40/7200:0"]

1. e4 e6 2. d4 d5 3. Nc3 Nf6 4. exd5 exd5 5. Bd3 Bb4 6. h3 O-O 7. Nge2 Ne4 8. a3 Nxc3 9. Nxc3 Ba5 10. O-O c6 11. Bf4 Nd7 12. b4 Bb6 13. Na4 Qf6 14. Nxb6 axb6 15. Bg3 c5 16. c3 Re8 17. Qh5 Nf8 18. Be5 Qd8 19. Rfe1 c4 20. Bc2 Bd7 21. a4 f6 22. Bd6 Rxe1+ 23. Rxe1 Be8 24. Qxd5+ Bf7 25. Qxb7 Ng6 26. Qc7 Qxc7 27. Bxc7 b5 28. a5 Bd5 29. Be4 Nf4 1-0